[Event "22nd Indian Women chT 2025"]
[Site "Gujarat"]
[Date "2025.03.06"]
[Round "2.8"]
[White "Samhita Pungavanam"]
[Black "Priyanka, K."]
[Result "0-1"]
[Annotator "TA"]
[ECO "B51"]
[WhiteElo "1757"]
[BlackElo "2086"]
[PlyCount "92"]
[EventDate "2025.03.03"]
[EventCountry "IND"]
[SourceTitle "playchess.com"]
[Source "ChessBase"]
[SourceQuality "1"]
[TimeControl "5400+30"]

1. e4 c5 2. Nf3 d6 3. Bb5+ Nd7 4. O-O a6 5. Be2 Ngf6 6. d3 {[%emt 0:01:12] B51: Sicilian: Moscow Variation (3 Bb5+) without 3...Bd7.} e6 7. a4 b6 8. Nc3 {[%emt 0:03:36] White has an edge.} Bb7 9. Bf4 Be7 10. Re1 O-O 11. Qd2 $146 ({Predecessor:} 11. h3 Re8 12. Qd2 h6 13. Rad1 Bf8 14. Bf1 Qc7 15. Bh2 Rad8 16. d4 cxd4 17. Nxd4 {0-1 Balabayeva,K (2318)-Zakhartsov,V (2506) Titled Tuesday intern op 17th Aug blitz 2021 (2)}) 11... e5 12. Bg5 h6 13. Bxf6 Nxf6 14. h3 Re8 15. Qe3 Bf8 16. Nh2 h5 17. Bf3 g6 18. Rad1 Nh7 19. g3 Ng5 20. Bg2 Bh6 21. Qe2 (21. h4 $2 Nh3+ 22. Bxh3 Bxe3 $19) 21... Ne6 22. Nf3 {[%emt 0:07:27] [#]} (22. Ra1 $15) 22... h4 ({Black should play} 22... Nd4 $1 $17 23. Nxd4 exd4) 23. Kh2 (23. Nxh4 Nd4 24. Qf1 Nxc2 $19) ({White should play} 23. Ra1 $15) 23... Qd7 (23... Nd4 $142 24. Nxd4 cxd4 (24... exd4 25. Nb1 $17)) 24. Nd5 Bxd5 (24... Qxa4 25. Nxb6 (25. Nxh4 Bxd5 26. Ra1 Ba2 $19) 25... hxg3+ 26. fxg3 $16) 25. exd5 Nd4 26. Nxd4 hxg3+ 27. fxg3 exd4 28. Qf3 Qxa4 {[%emt 0:00:42] Black is more active.} 29. b3 Qd7 30. g4 (30. Re4 $17 {keeps fighting.}) 30... Rxe1 $19 31. Rxe1 Re8 32. Re4 Bg7 33. h4 Re5 34. Rxe5 $2 {[%emt 0:00:51] This move loses the game for White.} (34. h5 $17 {is a better chance.}) 34... Bxe5+ $17 {[%emt 0:00:17][%mdl 4096] Endgame KQB-KQB. Black is a pawn up.} ({Not} 34... dxe5 35. g5 $15) 35. Kg1 a5 36. h5 Qe7 37. hxg6 fxg6 38. Qe4 Qg5 39. Qe2 (39. Qe1 $142 Qxg4 40. Kf1) 39... b5 $19 40. Bf3 a4 41. bxa4 bxa4 {[%emt 0:00:05] Hoping for ...a3.} 42. Qd1 Qe3+ 43. Kg2 a3 44. Qb1 Qd2+ 45. Kg1 Qb4 46. Qa2 Qb2 {[%emt 0:00:25] Weighted Error Value: White=0.69/Black=0.10 (very precise)   Loses game:     	White=1     	---        Mistake:       	White=4     	Black=2      Inaccurate:     	White=3     	Black=2      OK:         	White=5     	Black=15     Best:        	White=1     	---} 0-1

[Event "22nd Indian Women chT 2025"]
[Site "Gujarat"]
[Date "2025.03.06"]
[Round "2.9"]
[White "Shreya G Hipparagi"]
[Black "Aamuktha Guntaka"]
[Result "0-1"]
[Annotator "NA RC"]
[ECO "B95"]
[WhiteElo "1837"]
[BlackElo "1910"]
[PlyCount "70"]
[EventDate "2025.03.03"]
[EventCountry "IND"]
[SourceTitle "playchess.com"]
[Source "ChessBase"]
[SourceQuality "1"]
[TimeControl "5400+30"]

1. e4 c5 2. Nf3 d6 3. d4 cxd4 4. Nxd4 Nf6 5. Nc3 a6 6. Bg5 e6 7. Be2 Be7 8. Be3 Qc7 9. O-O O-O 10. f3 b5 11. a3 Bb7 12. Qe1 d5 13. exd5 Nxd5 14. Nxd5 Bxd5 15. Qf2 Nd7 16. Rfd1 Rac8 17. a4 bxa4 18. Bxa6 Ra8 19. Bb5 Ne5 20. Nf5 Bf6 21. Ng3 Nc4 22. Bxc4 Qxc4 23. Bd4 Be7 24. Qe2 Rfc8 25. Rd2 Bg5 26. Be3 Qxe2 27. Rxe2 Bxe3+ 28. Rxe3 Rxc2 29. Rea3 Bc6 30. b3 Rb8 31. bxa4 Rbb2 32. Nf1 Rxg2+ 33. Kh1 Rgf2 34. Kg1 Bxf3 35. Ne3 Rxh2 0-1

[Event "22nd Indian Women chT 2025"]
[Site "Gujarat"]
[Date "2025.03.06"]
[Round "2.10"]
[White "Lasya.g"]
[Black "Jagadale Ishwari"]
[Result "1-0"]
[Annotator "RC"]
[ECO "B42"]
[WhiteElo "2059"]
[BlackElo "1854"]
[PlyCount "81"]
[EventDate "2025.03.03"]
[EventCountry "IND"]
[SourceTitle "playchess.com"]
[Source "ChessBase"]
[SourceQuality "1"]
[TimeControl "5400+30"]

1. e4 c5 2. Nf3 e6 3. d4 cxd4 4. Nxd4 a6 5. Bd3 Nf6 6. Qe2 d6 7. c4 Qc7 8. O-O b6 9. Nc3 Bb7 10. f4 Nbd7 11. Kh1 Be7 12. Bd2 g6 13. b4 h5 14. Rac1 h4 15. Nd5 Qd8 16. Nxe7 Qxe7 17. Kg1 Nh5 18. Nf3 e5 19. fxe5 dxe5 20. c5 bxc5 21. bxc5 Bc6 22. Qf2 f6 23. Nxh4 Qh7 24. h3 Nf4 25. Bxf4 exf4 26. Qxf4 Qxh4 27. Qd6 Nb8 28. Rxf6 Qg5 29. Rcf1 Nd7 30. Qxc6 Rb8 31. Rf7 Qe3+ 32. R1f2 Qxd3 33. Qxg6 Kd8 34. c6 Rb1+ 35. Kh2 Kc8 36. cxd7+ Kc7 37. d8=Q+ Kxd8 38. Qf6+ Kc8 39. Qxh8+ Qd8 40. Rc2+ Kb8 41. Qxd8# 1-0

[Event "22nd Indian Women chT 2025"]
[Site "Gujarat"]
[Date "2025.03.06"]
[Round "2.11"]
[White "Kale Shruti"]
[Black "Sandhya Goli"]
[Result "1/2-1/2"]
[Annotator "NA RC"]
[ECO "B59"]
[WhiteElo "1853"]
[BlackElo "1896"]
[PlyCount "93"]
[EventDate "2025.03.03"]
[EventCountry "IND"]
[SourceTitle "playchess.com"]
[Source "ChessBase"]
[SourceQuality "1"]
[TimeControl "5400+30"]

1. e4 c5 2. Nf3 d6 3. d4 cxd4 4. Nxd4 Nf6 5. Nc3 Nc6 6. Be2 e5 7. Nb3 Be7 8. Be3 Be6 9. O-O O-O 10. Kh1 d5 11. exd5 Nxd5 12. Nxd5 Qxd5 13. Qxd5 Bxd5 14. c4 Be6 15. Nc5 Bxc5 16. Bxc5 Rfd8 17. Rfd1 Rac8 18. b3 b6 19. Be3 f5 20. g3 Nb4 21. Rdc1 Nd3 22. Bxd3 Rxd3 23. Rd1 Rxd1+ 24. Rxd1 Kf7 25. Kg1 h6 26. h4 Ke7 27. Kf1 Rd8 28. Rxd8 Kxd8 29. Ke2 h5 30. Kd3 Kd7 31. Kc3 Kc6 32. a3 a6 33. a4 b5 34. axb5+ axb5 35. Kb4 bxc4 36. bxc4 g6 37. Bd2 f4 38. gxf4 exf4 39. Bxf4 Bf5 40. Kc3 Bb1 41. Kd4 Bf5 42. Bd2 Bb1 43. Bf4 Bf5 44. Bd2 Bb1 45. Bf4 Bf5 46. Bd2 Bb1 47. Bc1 1/2-1/2

[Event "22nd Indian Women chT 2025"]
[Site "Gujarat"]
[Date "2025.03.06"]
[Round "2.12"]
[White "Niharika Challa"]
[Black "Gawande Devanshi"]
[Result "0-1"]
[Annotator "RC"]
[ECO "B75"]
[WhiteElo "2072"]
[BlackElo "1527"]
[PlyCount "78"]
[EventDate "2025.03.03"]
[EventCountry "IND"]
[SourceTitle "playchess.com"]
[Source "ChessBase"]
[SourceQuality "1"]
[TimeControl "5400+30"]

1. e4 c5 2. Nf3 d6 3. d4 cxd4 4. Nxd4 Nf6 5. Nc3 g6 6. Bc4 Bg7 7. Bb3 Nc6 8. f3 Bd7 9. Be3 Rc8 10. Qd2 h5 11. O-O-O Ne5 12. Kb1 a6 13. h3 b5 14. Rhf1 Nc4 15. Bxc4 Rxc4 16. g4 O-O 17. Nce2 a5 18. Bg5 Nh7 19. gxh5 Nxg5 20. Qxg5 Rc5 21. Qg2 Rxh5 22. Rh1 e6 23. f4 e5 24. Nf3 exf4 25. c3 Qe7 26. Nd2 Rg5 27. Qf3 b4 28. cxb4 Rb8 29. Nxf4 Rxb4 30. Nd3 Rb8 31. Nc4 Bc6 32. Rhe1 Bb5 33. Rc1 Qb7 34. Re2 Bxc4 35. Rxc4 Qb5 36. Rcc2 Rg1+ 37. Nc1 Bh6 38. Rf2 Qxb2+ 39. Rxb2 Rxc1# 0-1

[Event "22nd Indian Women chT 2025"]
[Site "Gujarat"]
[Date "2025.03.06"]
[Round "2.13"]
[White "Sahana Shainsha"]
[Black "Narahari Geethika Hasini"]
[Result "1/2-1/2"]
[Annotator "NA RC"]
[ECO "A28"]
[WhiteElo "1782"]
[BlackElo "1857"]
[PlyCount "59"]
[EventDate "2025.03.03"]
[EventCountry "IND"]
[SourceTitle "playchess.com"]
[Source "ChessBase"]
[SourceQuality "1"]
[TimeControl "5400+30"]

1. c4 e5 2. Nc3 Nf6 3. Nf3 Nc6 4. e4 Bb4 5. d3 d6 6. h3 Bc5 7. Be2 h6 8. O-O Be6 9. Be3 Qd7 10. Nh2 g5 11. Nd5 Bxd5 12. cxd5 Nd4 13. Ng4 Nxe2+ 14. Qxe2 Nxg4 15. Qxg4 Qxg4 16. hxg4 b6 17. a3 a5 18. b4 Bxe3 19. fxe3 axb4 20. axb4 Ke7 21. Kh2 f6 22. Kg3 Kf7 23. Rfc1 Rxa1 24. Rxa1 Ke7 25. b5 Kd7 26. Kf3 Rf8 27. Rh1 Rh8 28. Ra1 Rf8 29. Rh1 Rh8 30. Ra1 1/2-1/2

[Event "22nd Indian Women chT 2025"]
[Site "Gujarat"]
[Date "2025.03.06"]
[Round "2.14"]
[White "Saranya Devi Narahari"]
[Black "Saranya, J."]
[Result "0-1"]
[Annotator "TA"]
[ECO "B06"]
[WhiteElo "1843"]
[BlackElo "2093"]
[PlyCount "149"]
[EventDate "2025.03.03"]
[EventCountry "IND"]
[SourceTitle "playchess.com"]
[Source "ChessBase"]
[SourceQuality "1"]
[TimeControl "5400+30"]

1. e4 g6 2. d4 Bg7 3. Nc3 d6 4. Be3 Nd7 5. Qd2 e5 (5... c6 $14) 6. f4 {[%emt 0:08:16] B06: Modern Defence.} Ne7 (6... Ngf6 $14) 7. Nf3 O-O 8. O-O-O {[%emt 0:02:31] White is better.} exf4 9. Bxf4 Nc6 10. Bg5 $146 (10. Bh6 a6 11. g4 Re8 12. Qf4 Qf6 13. Qg3 Bxh6+ 14. g5 Bxg5+ 15. Nxg5 h6 16. Nf3 {1-0 Hilova,V (1732)-Goltsev,S (1800) Nizhnij Novgorod Region-ch 2012}) 10... Bf6 (10... f6 $16 {might work better.}) 11. h4 $1 $18 Nb6 {[%emt 0:10:13] [#]} 12. e5 dxe5 $16 13. Ne4 {[%emt 0:00:22] White sacrificed a pawn} (13. d5 $1 $16 Nd4 14. Nxe5) 13... Be7 $14 14. d5 Nd4 15. Nxd4 (15. Nxe5 $18 {Bxe7 would now be deadly.} Nf5 16. Bxe7 (16. g4 Nd6 $11) 16... Qxe7 17. Ng4) 15... exd4 $16 16. Qxd4 f6 17. Bh6 Rf7 18. c4 c5 19. Qe3 Bf5 20. Bd3 (20. Nxc5 Rc8 21. b4 (21. Nxb7 Nxc4 22. Qc3 Qc7 $19) 21... Bxc5 22. bxc5 Nd7 $16) (20. h5 $1 $18) 20... Bf8 21. Bxf8 (21. Nxc5 Bxd3 22. Bxf8 Bxc4 $19) 21... Qxf8 22. h5 (22. Nxc5 $6 Bxd3 23. Nxd3 Nxc4 $11) (22. Qf4 $16) 22... Re8 $1 $14 23. hxg6 Bxg6 24. Qg3 Nxc4 25. Bxc4 Rxe4 26. Bd3 Rd4 (26... Re5 $11) 27. Bxg6 $16 hxg6 (27... Rxd1+ $16 28. Kxd1 hxg6) 28. Qxg6+ {[%emt 0:01:59] White attacks} (28. Rxd4 $18 {Intending Rdh4 and mate.} cxd4 29. Qh3 (29. Qxg6+ Qg7 $18)) 28... Qg7 $14 29. Qc2 ({White should play} 29. Qh5 $1 $14) 29... Qg5+ $11 30. Kb1 Rxd5 31. Rxd5 Qxd5 {[%emt 0:00:02][%mdl 4096] Endgame KQR-KQR. Black is a pawn up.} 32. Qg6+ Kf8 33. Re1 Qd2 {[%emt 0:01:27] Repels Qh6+} 34. Qg3 Rd7 35. Rf1 Kf7 36. Qb3+ (36. Rh1 $11) 36... Qd5 $17 {[%emt 0:00:02] Active counter play!} 37. Qc2 Qd3 $36 {[%emt 0:00:14][%mdl 2048] Black is on the roll.} 38. Rh1 Kg7 39. Re1 Qxc2+ 40. Kxc2 {[%emt 0:00:01] KR-KR. Black is a pawn up.} Kf7 41. Kc3 Rd4 42. Rh1 Kg6 {[%emt 0:00:30] Against Rh7} 43. Rh8 b5 44. Ra8 Rg4 45. Rg8+ $2 (45. Kd3 $17) 45... Kf5 $19 46. Rc8 Rg3+ (46... Rxg2 47. Rxc5+ Ke4 48. Rxb5 $11) 47. Kc2 Rxg2+ 48. Kc3 Rg3+ 49. Kc2 Rg5 (49... Rg2+ 50. Kc3 $11) 50. Rxc5+ Kg6 (50... Kg4 $19 51. Rc7 a5) 51. Rc8 (51. Rc7 $17) 51... a5 (51... Rd5 $19 52. Rc6 Rd4) 52. Ra8 a4 53. Kc3 $2 (53. Kd3 $17) 53... Kf5 $2 (53... Rd5 $19 54. b3 axb3 55. Kxb3 f5) 54. Rf8 {[%emt 0:00:37] [#]} (54. Ra6 $15) 54... Ke6 ({Black should try} 54... Rg3+ $1 $19 55. Kb4 Rg2) 55. Kb4 $2 {[%emt 0:00:12] [#]} (55. Re8+ $17 Kd6 56. Rd8+ Kc6 57. Rc8+ Kd6 58. Rd8+) 55... Rg2 $2 (55... Rd5 $1 $19 {White must now prevent ...f5.} 56. Re8+ Kf5) 56. Kxb5 $2 (56. Kc3 $17) 56... Rxb2+ 57. Kxa4 Rxa2+ 58. Kb3 Rd2 59. Kc3 Rd7 $2 (59... Rd1 $19 {has better winning chances. ( -> ...f5)} 60. Kc2 Rd4) 60. Kc4 $2 (60. Re8+ $17 Kf7 61. Re4) 60... f5 {[%emt 0:00:23] Black mates.} 61. Rh8 Ke5 62. Rh1 f4 63. Rh8 Ke4 64. Re8+ Kf3 65. Rf8 Ke3 66. Re8+ Kf2 67. Rf8 f3 68. Rf6 Ke2 69. Rf8 Re7 70. Ra8 f2 71. Ra2+ Kf3 72. Ra3+ Re3 73. Ra1 Re1 74. Ra3+ Ke4 75. Ra8 {[%emt 0:00:09] Quite a comeback for Black.   Weighted Error Value: White=0.73/Black=0.43  Loses game:     	White=3     	Black=1      Missed win:     	---       	Black=2      Mistake:       	White=11    	Black=8      Inaccurate:     	White=4     	Black=2      OK:         	White=13    	Black=17     Best:        	White=3     	Black=7      Strong:       	---       	Black=1} 0-1

[Event "22nd Indian Women chT 2025"]
[Site "Gujarat"]
[Date "2025.03.06"]
[Round "2.15"]
[White "Pragnya H G"]
[Black "Bharathakoti Sneha"]
[Result "1-0"]
[Annotator "RC"]
[ECO "B46"]
[WhiteElo "1998"]
[BlackElo "1781"]
[PlyCount "133"]
[EventDate "2025.03.03"]
[EventCountry "IND"]
[SourceTitle "playchess.com"]
[Source "ChessBase"]
[SourceQuality "1"]
[TimeControl "5400+30"]

1. e4 c5 2. Nf3 Nc6 3. d4 cxd4 4. Nxd4 e6 5. Nc3 a6 6. Nxc6 bxc6 7. Bd3 Nf6 8. O-O d5 9. e5 Nd7 10. Re1 a5 11. Qg4 Ba6 12. Bxa6 Rxa6 13. f4 Qb6+ 14. Kh1 Qf2 15. Qd1 Bc5 16. Re2 Qh4 17. Qf1 O-O 18. g3 Qg4 19. Kg2 Raa8 20. Qf3 Qxf3+ 21. Kxf3 a4 22. Nd1 f6 23. exf6 Rxf6 24. Kg2 Rb8 25. b3 a3 26. c3 Ra8 27. Be3 h5 28. b4 Bxe3 29. Nxe3 Rff8 30. Nc2 Kf7 31. Rae1 Rfe8 32. Nd4 Nf8 33. Nxc6 Rac8 34. Ne5+ Kf6 35. Re3 Red8 36. Nf3 Rd6 37. Nd4 Re8 38. Rb1 Nd7 39. Rb3 Ra6 40. Nb5 Rc8 41. Rxa3 Rxa3 42. Nxa3 Ra8 43. Nc2 Rxa2 44. Re2 e5 45. Nd4 Ra1 46. fxe5+ Nxe5 47. b5 Rb1 48. Rf2+ Ke7 49. Rf5 Rb2+ 50. Kh3 Kd6 51. Rxh5 g6 52. Rh8 Nd3 53. Rd8+ Ke5 54. Re8+ Kf6 55. Re2 Rb1 56. Rd2 Nc5 57. Rf2+ Ke5 58. Rf8 Ne4 59. Rc8 Rb2 60. Rc6 Nd6 61. Rb6 Rb1 62. Kg4 Rc1 63. Rc6 Rb1 64. Kg5 Ne4+ 65. Kxg6 Nxc3 66. Nf3+ Ke4 67. Nd2+ 1-0

[Event "22nd Indian Women chT 2025"]
[Site "Gujarat"]
[Date "2025.03.06"]
[Round "2.16"]
[White "Aishwarya N"]
[Black "Rajasurya, J.."]
[Result "0-1"]
[Annotator "NA RC"]
[ECO "E73"]
[WhiteElo "1547"]
[BlackElo "1729"]
[PlyCount "100"]
[EventDate "2025.03.03"]
[EventCountry "IND"]
[SourceTitle "playchess.com"]
[Source "ChessBase"]
[SourceQuality "1"]
[TimeControl "5400+30"]

1. d4 Nf6 2. c4 g6 3. Nc3 Bg7 4. e4 d6 5. Be2 Nbd7 6. h3 e5 7. d5 O-O 8. Be3 Ne8 9. g4 Qe7 10. Nf3 a5 11. Qc2 Nc5 12. O-O-O f5 13. Rdg1 f4 14. Bd2 h6 15. h4 Bd7 16. Nb5 c6 17. Nc3 Nc7 18. h5 g5 19. Re1 Rfc8 20. Nh2 N7a6 21. a3 a4 22. Kb1 Nc7 23. f3 Nb3 24. Bd1 b5 25. dxc6 Bxc6 26. Be2 Qf7 27. Na2 bxc4 28. Nb4 Bb5 29. Bc3 Na6 30. Rd1 Nd4 31. Qd2 Nc5 32. Qe1 Rab8 33. Qf2 Bd7 34. Rhg1 Be6 35. Nf1 d5 36. exd5 Bxd5 37. Nxd5 Qxd5 38. Nd2 Ncb3 39. Nxc4 Rxc4 40. Bxc4 Qxc4 41. Rg2 Nb5 42. Bb4 e4 43. fxe4 Qxe4+ 44. Ka2 Qc4 45. Kb1 N5d4 46. Rh2 Re8 47. Qf1 Ne2 48. Re1 Qd3+ 49. Ka2 f3 50. Rf2 Qc2 0-1